 Dungeon Crawl Stone Soup version 0.30-a0-777-ga9a30cbeda (webtiles) character file.

Game seed: 4283742626734355646

4569 Dittersdorf the Fighter (level 10, -1/76 HPs)
             Began as a Gargoyle Fighter on Feb 14, 2023.
             Was an Elder of Okawaru.
             Slain by a wolf (7 damage)
             ... on level 9 of the Dungeon.
             The game lasted 00:10:01 (7951 turns).

Dittersdorf the Fighter (Gargoyle Fighter)          Turns: 7951, Time: 00:10:01

Health: -1/76      AC: 23    Str: 25    XL:     10   Next: 41%
Magic:  10/10      EV:  7    Int:  8    God:    Okawaru [****..]
Gold:   479        SH:  5    Dex:  9    Spells: 9/9 levels left

rFire   . . .      SeeInvis .    o - +1 morningstar (holy)
rCold   + . .      Faith    .    c - +0 buckler
rNeg    + . .      Spirit   .    i - +0 plate armour
rPois   ∞          Reflect  .    (no helmet)
rElec   +          Harm     .    s - +0 cloak
rCorr   .          Rampage  .    e - +0 pair of gloves
Will    +....                    (no boots) Stlth
                                 a - amulet of the acrobat
HPRegen 0.32/turn                g - ring of willpower
MPRegen 0.12/turn                b - ring of protection from cold

@: frozen, very slow
A: sickness immunity, AC +7, negative energy resistance 1, electricity
resistance, torment resistance 1, petrification resistance
a: Renounce Religion, Heroism, Finesse


You were on level 9 of the Dungeon.
You worshipped Okawaru.
Okawaru was greatly pleased with you.
You visited 2 branches of the dungeon, and saw 10 of its levels.

You collected 479 gold pieces.

Inventory:

Hand Weapons
 o - a +1 morningstar of holy wrath (weapon)
Missiles
 h - a throwing net
 y - a curare-tipped dart (quivered)
Armour
 c - a +0 buckler (worn)
 e - a +0 pair of gloves (worn)
 i - a +0 plate armour (worn)
 s - a +0 cloak (worn)
Jewellery
 a - an amulet of the acrobat (around neck)
 b - a ring of protection from cold (right hand)
 g - a ring of willpower (left hand)
 k - a ring of positive energy
 r - a ring of flight
Scrolls
 f - a scroll of immolation {unknown}
 j - 5 scrolls of teleportation {unknown}
 m - a scroll of enchant armour {unknown}
 p - 5 scrolls of magic mapping {unknown}
 t - a scroll of fog {unknown}
 v - a scroll of vulnerability {unknown}
 A - a scroll of identify
Potions
 d - 3 potions of might
 l - 5 potions of curing
 n - a potion of flight
 q - a potion of cancellation
 u - a potion of heal wounds {unknown}
 w - 2 potions of haste
 x - 2 potions of mutation
 z - 3 potions of brilliance


   Skills:
 + Level 14.7 Fighting
 + Level 6.2 Maces & Flails
 + Level 7.2 Armour
 + Level 7.2 Shields


You had 9 spell levels left.
You didn't know any spells.
Your spell library contained the following spells:

 Spells                   Type           Power      Damage    Failure   Level
 Freeze                   Ice            0%         1d3       100%        1
 Magic Dart               Conj           0%         1d3       100%        1
 Poisonous Vapours        Pois/Air       0%         N/A       100%        2
 Frozen Ramparts          Ice            0%         1d1       100%        3
 Hailstorm                Conj/Ice       0%         3d3       100%        3
 Mephitic Cloud           Conj/Pois/Air  0%         N/A       100%        3
 Cause Fear               Hex            0%         N/A       100%        4
 Dragon Form              Tmut           0%         N/A       100%        7
 Call Imp                 Summ           Unusable   N/A       N/A         2
 Cigotuvi's Dreadful Rot  Necr/Pois/Air  Unusable   N/A       N/A         2
 Dragon's Call            Summ           Unusable   N/A       N/A         9

Dungeon Overview and Level Annotations

Branches:
Dungeon (9/15)             Temple (1/1) D:4
   Lair: D:8-11         Orc: D:9-12

Altars:
Ashenzari
Cheibriados
Dithmenos
Elyvilon
Fedhas
Gozag
Kikubaaqudgha
Makhleb
Okawaru
Qazlal
Ru
Sif Muna
Trog
Uskayaw
Vehumet
Wu Jian
Xom
Yredelemnul
Zin
The Shining One

Shops:
D:5 (


Innate Abilities, Weirdness & Mutations

You are immune to sickness and miasma.
Your stone body is resilient. (AC +7)
You are immune to poison.
You resist negative energy. (rN+)
You are resistant to electric shocks. (rElec)
You are resistant to unholy torment.
You are immune to petrification.


Message History

The ice beast hits you but does no damage.
You block the kobold's attack.
You bludgeon the wolf!!
You kill the wolf!
Okawaru accepts your kill. The wolf bites you but does no damage.
The bullfrog barely misses you. The wolf barely misses you.
The kobold hits you but does no damage. The ice beast barely misses you.
The bullfrog hits you but does no damage.
You hit the rime drake.
The rime drake is lightly wounded.
The wolf bites you but does no damage.
The bullfrog hits you but does no damage.
The rime drake barely misses you. The wolf barely misses you.
The kobold hits you but does no damage.
The ice beast hits you but does no damage.
You block the bullfrog's attack.
The rime drake bites you but does no damage.
You hit the rime drake.
The rime drake is lightly wounded.
The wolf bites you but does no damage. You block the bullfrog's attack.
The ice beast hits you.
* * * LOW HITPOINT WARNING * * *
The ice beast freezes you! You resist.
* * * LOW HITPOINT WARNING * * *
The kobold barely misses you. The wolf misses you.
The rime drake bites you but does no damage.
The bullfrog hits you but does no damage.
You thump the rime drake!
The rime drake is heavily wounded.
The wolf bites you but does no damage. The rime drake breathes ice at you.
The icy flash freeze hits you. You partially resist.
* * * LOW HITPOINT WARNING * * *
You are encased in ice.
The ice beast hits you but does no damage.
You block the kobold's attack.
The bullfrog hits you but does no damage.
The wolf bites you!
You die...

..# ....##
###......#.#..
##....#.=......
##....?...[....~
#...............
..............
#.KYh.......
#..@F.....#.
#...k.......
#.........##
.............#
....##..##.#.#
.!... #.## .# #
#... ..# . #...
### #


You could see a rime drake (catching breath), an ice beast, a wolf, a bullfrog
and a kobold.

Vanquished Creatures
  Grinder (D:5)
  A hornet (D:8)
  A polar bear (D:9)
  4 yaks (D:7)
  A steam dragon (D:8)
  A water moccasin (D:5)
  An orc warrior (D:4)
  2 black bears (D:5)
  2 ice beasts (D:6)
  A wolf (D:9)
  2 kobold brigands
  3 necrophages
  A bullfrog (D:8)
  15 wights
  11 killer bees
  3 howler monkeys (D:7)
  4 hounds
  4 orc priests
  8 orc wizards
  3 iguanas
  9 adders
  A shadow imp (D:7)
  3 white imps
  A worm (D:2)
  3 dart slugs
  27 orcs
  6 endoplasms
  4 giant cockroaches
  16 goblins
  7 hobgoblins
  5 jackals
  5 quokkas
  6 ball pythons
  3 bats
  4 frilled lizards
  11 kobolds
  5 rats
185 creatures vanquished.

Vanquished Creatures (others)
  A plant (D:5)
1 creature vanquished.

Grand Total: 186 creatures vanquished

Notes
Turn   | Place    | Note
-------+----------+-------------------------------------------
     0 | D:1      | Dittersdorf the Gargoyle Fighter began the quest for the
                  | Orb.
     0 | D:1      | Reached XP level 1. HP: 14/14 MP: 1/1
   168 | D:1      | Reached XP level 2. HP: 14/19 MP: 2/2
   635 | D:1      | Reached XP level 3. HP: 23/23 MP: 3/3
   729 | D:2      | Found an ancient bone altar of Kikubaaqudgha.
  1191 | D:2      | Reached XP level 4. HP: 29/29 MP: 4/4
  1878 | D:3      | Reached skill level 4 in Fighting
  2064 | D:3      | Reached XP level 5. HP: 30/33 MP: 5/5
  2500 | D:4      | Reached skill level 13 in Fighting
  2500 | D:4      | Reached XP level 6. HP: 52/52 MP: 6/6
  2518 | D:4      | Found a staircase to the Ecumenical Temple.
  2527 | Temple   | Entered the Ecumenical Temple
  2561 | Temple   | Became a worshipper of Warmaster Okawaru
  2986 | D:5      | Entered Level 5 of the Dungeon
  2986 | D:5      | Noticed an orc warrior
  3027 | D:4      | Killed an orc warrior
  3028 | D:4      | Reached XP level 7. HP: 4/58 MP: 7/7
  3293 | D:5      | Found Qaxabydi's Hydra Hut.
  3328 | D:5      | Reached * piety under Okawaru
  3428 | D:5      | Noticed a six-headed hydra
  3446 | D:5      | Reached skill level 5 in Shields
  3446 | D:5      | Reached XP level 8. HP: 51/64 MP: 8/8
  3670 | D:5      | Reached skill level 5 in Armour
  3977 | D:6      | Noticed Grinder
  4000 | D:5      | Killed Grinder
  4000 | D:5      | Reached ** piety under Okawaru
  4001 | D:5      | Reached skill level 14 in Fighting
  4467 | D:6      | Reached XP level 9. HP: 69/69 MP: 9/9
  5115 | D:7      | Found a shimmering blue altar of Sif Muna.
  5261 | D:7      | Found an opulent altar of Gozag.
  5295 | D:7      | Found a glowing silver altar of Zin.
  5295 | D:7      | Found a white marble altar of Elyvilon.
  5296 | D:7      | Found a glowing golden altar of the Shining One.
  5318 | D:7      | Found an ornate altar of the Wu Jian Council.
  5471 | D:7      | Found a shimmering altar of Xom.
  5644 | D:7      | Reached *** piety under Okawaru
  5950 | D:7      | Reached skill level 5 in Maces & Flails
  6913 | D:8      | Reached XP level 10. HP: 63/76 MP: 10/10
  7191 | D:8      | Reached **** piety under Okawaru
  7580 | D:8      | Found an ancient bone altar of Kikubaaqudgha.
  7580 | D:8      | Found a blossoming altar of Fedhas.
  7581 | D:8      | Found a bloodstained altar of Trog.
  7951 | D:9      | Slain by a wolf

Illustrated notes

Levels and vault maps discovered:
D:1:      minmay_arrival_shattered_statue, layout_loops_ring
D:2:      layout_basic, basic_altar, dreamdust_princess_bridge, minmay_cupped
D:3:      layout_loops_ring, chequers_serial_rivers_small_3
D:4:      layout_basic, minmay_temple_entry_mini_moons
D:5:      layout_rooms, doesnt_shop_hydraphobe
D:6:      layout_cave_pods, uniq_grinder
D:7:      layout_basic, good_gods_temple_1, led_sif_pool, kennysheep_mini,
          nzn_wu_jian_council_hall, marbit_many_paths
D:8:      layout_gridville, gammafunk_temple_overflow_claw
D:9:      layout_rooms, hellmonk_lair_entry_icy, minivault_15, uniq_maggie
Temple:   nicolae_temple_ecumenical_triangle

Skill      XL: |  1  2  3  4  5  6  7  8  9 10 |
---------------+-------------------------------+-----
Shields        | 4 5 6 7 |  7.2
Fighting       | 4 13 14 | 14.7
Armour         | 4 5 6 7 |  7.2
Maces & Flails | 3 4 5 6 |  6.2

Action                     |  1- 3 |  4- 6 |  7- 9 | 10-12 || total
---------------------------+-------+-------+-------+-------++-------
  Melee: Flail             |   134 |   168 |       |       ||   302
         Morningstar       |       |       |   313 |    84 ||   397
    Use: Scroll            |       |     6 |     4 |       ||    10
         Potion            |       |     2 |       |       ||     2
 Armour: Scale mail        |    79 |    50 |       |       ||   129
         Chain mail        |       |    83 |    70 |       ||   153
         Plate armour      |       |       |   250 |   134 ||   384
  Dodge: Dodged            |    68 |    77 |   155 |    61 ||   361
  Block: Buckler           |    24 |    58 |    90 |    43 ||   215

Table legend: (Time is in decaauts)
 A = Elapsed time spent in this place.
 B = Non-inter-level travel time spent in this place.
 C = Inter-level travel time spent in this place.
 D = Time resting spent in this place.
 E = Time spent auto-exploring this place.
 F = Levels seen in this place.
 G = Mean time per level.
                   A        B        C        D        E       F      G
               +--------+--------+--------+--------+--------+-----+--------+
         Total |   8165 |   7838 |    327 |    915 |   5256 |  10 |  816.5 |
       Dungeon |   8112 |   7804 |    308 |    915 |   5238 |   9 |  901.3 |
        Temple |     53 |     34 |     19 |      0 |     18 |   1 |   53.0 |
               +--------+--------+--------+--------+--------+-----+--------+

Top non-repeatable levels by time:
     D:7: 1518 daAuts
     D:8: 1361 daAuts
     D:6: 1091 daAuts
     D:2: 1070 daAuts
     D:5: 778 daAuts
     D:4: 758 daAuts
     D:3: 750 daAuts
     D:1: 749 daAuts
  Temple: 53 daAuts
     D:9: 34 daAuts
